Map: Pillars of Gold LE

Players

ViBE - Winner!

  • Race: Zerg Zerg
  • League: Bronze
  • Spawn Location: 1:00

RoboDroid

  • Race: Terran Terran
  • League: Master
  • Spawn Location: 7:00

VOD

https://www.youtube.com/watch?v=VjhJ7E-kFgw&list=PLFeZeom2b4DnD3FIu7pzkXl51JX_WWz2h&index=2

Description

Time

  • Played on: March 9, 2021, 8:31 p.m.
  • Length: 16:49
Show
View Real Time Build Order
Export as new Build Order

ViBE Zerg - Winner!

Build Orders: Hatch First 

Get SALT Encoding   

  12  0:01  Drone  
  13  0:13  Overlord  
  13  0:18  Drone  
  14  0:31  Drone x2  
  16  0:52  Hatchery  
  15  0:58  Drone  
  15  1:00  Drone  
  15  1:03  Drone  
  18  1:18  Spawning Pool  
  17  1:22  Drone  
  18  1:26  Drone  
  18  1:31  Drone  
  20  1:44  Extractor  
  19  1:47  Drone  
  20  2:10  Queen x2  
  20  2:12  Overlord  
  20  2:13  Drone x3  
  27  2:28  Overlord  
  27  2:36  Drone  
  30  2:37  Drone x3  
  31  2:50  Lair  
  31  3:01  Overlord  
  31  3:11  Drone x5  
  36  3:19  Queen  
  38  3:23  Drone x2  
  38  3:24  Drone x5  
  45  3:28  Roach Warren  
  45  3:33  Evolution Chamber  
  43  3:36  Drone x2  
  43  3:40  Extractor  
  44  3:41  Extractor  
  43  3:49  Overlord  
  43  3:56  Drone x8  
  51  4:03  Evolution Chamber  
  50  4:18  Hatchery, Glial Reconstitution  
  50  4:19  Zerg Missile Weapons Level 1  
  50  4:23  Queen  
  51  4:24  Overlord  
  51  4:25  Overlord  
  51  4:26  Roach  
  51  4:28  Roach  
  55  4:48  Roach  
  55  4:49  Roach x5  
  67  4:58  Drone  
  68  5:08  Drone x7  
  75  5:17  Overlord  
  75  5:29  Drone  
  75  5:30  Drone x2  
  78  5:37  Drone x2  
  80  5:43  Drone  
  80  5:44  Drone x4  
  80  5:48  Hydralisk Den  
  80  5:49  Drone x4  
  88  6:04  Extractor, Drone x3  
  88  6:05  Extractor, Drone  
  88  6:09  Overlord x5  
  90  6:12  Overlord  
  90  6:13  Overlord  
  90  6:16  Extractor  
  90  6:17  Drone  
  90  6:19  Grooved Spines  
  90  6:21  Zerg Missile Weapons Level 2  
  90  6:22  Zerg Ground Armor Level 1  
  90  6:41  Drone  
  90  6:42  Hydralisk x10  
  90  6:45  Hydralisk  
  113  6:52  Hydralisk x2  
  113  6:53  Hatchery, Overlord  
  116  7:07  Hydralisk x2  
  120  7:12  Drone  
  120  7:13  Drone x3  
  124  7:18  Drone x6  
  124  7:20  Drone x2  
  124  7:21  Drone  
  133  7:25  Infestation Pit  
  132  7:31  Muscular Augments  
  132  7:37  Drone x5  
  132  7:42  Extractor  
  132  7:44  Extractor  
  135  7:55  Drone x4  
  135  7:56  Drone  
  140  8:00  Hatchery  
  140  8:02  Overlord x4  
  140  8:04  Hive  
  139  8:33  Hydralisk  
  139  8:34  Hydralisk x12  
  165  9:04  Hatchery  
  165  9:09  Overlord x2  
  164  9:37  Zerg Missile Weapons Level 3, Zerg Ground Armor Level 2  
  164  9:43  Hydralisk x14  
  192  10:53  Hydralisk  
  192  10:54  Hydralisk x3  
  196  11:24  Extractor  
  195  11:25  Extractor  
  194  11:37  Hatchery  
  185  11:45  Hydralisk x7  
  185  11:46  Hydralisk x7  
  199  11:48  Drone  
  198  12:37  Hydralisk  
  198  12:39  Zerg Ground Armor Level 3  
Show
View Real Time Build Order
Export as new Build Order

RoboDroid Terran 

Build Orders:  

Get SALT Encoding   

  12  0:17  SCV  
  12  0:20  Supply Depot  
  13  0:29  SCV  
  14  0:54  Barracks  
  14  1:23  SCV  
  15  1:35  SCV  
  16  1:45  Marine, Supply Depot  
  17  1:47  Supply Depot, SCV  
  18  1:59  SCV  
  18  2:01  Bunker  
  19  2:03  Marine  
  20  2:11  SCV, Supply Depot  
  21  2:16  Supply Depot  
  21  2:21  Marine  
  22  2:39  Marine  
  22  2:43  Barracks  
  23  2:50  Refinery  
  23  2:51  Orbital Command  
  23  3:27  Command Center  
  23  3:32  Marine x2  
  25  3:47  Barracks  
  25  3:50  Marine  
  26  4:01  SCV  
  26  4:02  Barracks Tech Lab  
  27  4:07  Marine  
  28  4:13  SCV  
  29  4:25  Marine, SCV, Engineering Bay  
  31  4:37  SCV  
  32  4:49  SCV  
  32  4:52  Marine x2, Supply Depot  
  34  4:53  Marauder  
  37  5:02  SCV  
  38  5:10  Marine x2  
  38  5:14  Marine, SCV  
  42  5:23  Refinery  
  42  5:26  SCV  
  42  5:28  Marine x2  
  44  5:32  Marine  
  46  5:38  SCV  
  46  5:39  Missile Turret  
  47  5:46  Marine x2  
  47  5:49  SCV  
  50  5:50  Marine, SCV  
  52  5:58  Missile Turret  
  52  6:02  SCV  
  52  6:03  Marine  
  52  6:04  Marine  
  54  6:08  Marine  
  56  6:15  SCV  
  56  6:18  Missile Turret  
  57  6:21  Marine x2  
  59  6:25  Marine  
  60  6:38  Missile Turret  
  60  6:39  Marine x2  
  62  6:43  Marine  
  62  6:46  Orbital Command  
  63  6:57  Marine x2  
  63  6:58  Missile Turret  
  65  7:01  Marine  
  66  7:15  Marine x2  
  68  7:19  Marine, Command Center  
  69  7:24  Factory  
  69  7:25  Stimpack  
  69  7:32  Marine  
  69  7:33  Marine  
  71  7:37  Marine  
  72  7:48  Missile Turret  
  72  7:50  Marine  
  73  8:02  Refinery  
  73  8:12  Bunker  
  73  8:27  Refinery  
  73  8:32  Factory Tech Lab  
  73  8:37  Starport  
  73  8:42  Starport  
  73  8:54  Siege Tank  
  76  9:00  Reaper x2  
  76  9:02  Marine  
  79  9:05  Combat Shield  
  79  9:20  Marine  
  80  9:31  Medivac  
  80  9:32  Marine x2  
  80  9:38  Marine  
  85  9:40  Supply Depot  
  85  9:49  Marine  
  85  9:50  Marine  
  85  9:52  Supply Depot  
  87  9:55  Marine  
  88  10:02  Widow Mine  
  88  10:04  Supply Depot  
  90  10:07  Marine  
  90  10:13  Marine  
  92  10:23  Widow Mine  
  92  10:25  Marine  
  95  10:31  Marine, Missile Turret  
  95  10:35  Refinery  
  96  10:43  Marine  
  96  10:45  Widow Mine  
  96  10:49  Marine  
  98  11:01  Marine  
  98  11:06  Widow Mine  
  98  11:07  Marine  
  98  11:10  Marine  
  102  11:13  Starport Tech Lab  
  102  11:17  Viking  
  104  11:19  Marine  
  104  11:24  Marine  
  105  11:27  Widow Mine  
  105  11:28  Marine  
  105  11:36  Marine  
  97  11:42  Marine  
  97  11:45  Marine  
  51  11:47  Viking  
  46  11:54  Marine  
  43  12:04  Reaper  
  43  12:05  Marauder  
  46  12:09  Hellion  
  46  12:12  Marine  
  30  12:26  Marauder  
  25  12:30  Marine  
  25  12:31  Hellion  
  25  12:33  Banshee  
  20  12:47  Marine  
  20  12:48  Marine  
  18  12:52  Hellion  
Tags
 
Matchup
TvZ
Player
ViBE
Replay Pack
Bronze_League
Spawn Locations
Cross Positions
Add a new tag
Caveats
  • Supply blocks, unpowered buildings, or Contaminate may cause inaccurate times.
  • Supply counts are checked every 10 seconds.